 Dungeon Crawl Stone Soup version 0.16.1-4-g8e1b745 (webtiles) character file.

212 Psiweapon the Ruffian (level 5, -4/32 HPs)
             Began as a Gargoyle Transmuter on Mar 27, 2015.
             Slain by a centaur (5 damage)
             ... on level 5 of the Dungeon.
             The game lasted 00:14:21 (4088 turns).

Psiweapon the Ruffian (Gargoyle Transmuter)         Turns: 4088, Time: 00:14:22

Health: -4/32      AC:  7    Str: 13    XL:     5   Next: 90%
Magic:  8/9        EV: 12    Int: 15    God:
Gold:   149        SH:  0    Dex: 10    Spells: 2 memorised, 3 levels left

rFire  . . .     SeeInvis .       - Unarmed
rCold  . . .     Clarity  +     c - +0 robe
rNeg   + . .     SustAb   .     (no shield)
rPois  ∞         Gourm    .     t - +0 helmet
rElec  +         Spirit   .     (no cloak)
rCorr  .         Warding  .     (no gloves)
rMut   .         Rnd*Tele +     (boots unavailable)
MR     .....                    v - amulet of clarity
Stlth  +.........               (no ring)
                                h - ring of teleportation (curse)

@: appendage, not resistant to hostile enchantments, very unstealthy
A: talons 3, negative energy resistance 1, electricity resistance, unbreathing,
petrification resistance, rot immunity, AC +4
a: End Transformation, Evoke Teleportation


You were on level 5 of the Dungeon.
You were hungry.
You had grown temporary talons.
You visited 1 branch of the dungeon, and saw 7 of its levels.

You collected 149 gold pieces.

Inventory:

Hand weapons
 n - a +0 vampiric dagger
Missiles
 b - 34 arrows
 e - 23 stones (quivered)
 k - 20 bolts
 s - a throwing net
 w - 31 poisoned needles
Armour
 c - a +0 robe (worn)
 t - a +0 helmet (worn)
Jewellery
 h - a cursed ring of teleportation (left hand)
 v - an amulet of clarity (around neck)
Scrolls
 f - 3 scrolls of immolation {unknown}
 g - 3 scrolls of noise {unknown}
 o - a scroll of magic mapping {unknown}
 r - 7 scrolls of identify {unknown}
Potions
 i - a potion of resistance {unknown}
 m - a potion of curing {unknown}
 p - a potion of might {unknown}
 q - a potion of restore abilities {unknown}
 x - a potion of heal wounds {unknown}
Books
 d - a book of Changes

   Spells                             Type                      Level
   a - Beastly Appendage              Transmutation                1
   b - Sticks to Snakes               Transmutation                2
   c - Spider Form                    Transmutation/Poison         3
   d - Ice Form                       Ice/Transmutation            4
   e - Blade Hands                    Transmutation                5
Comestibles
 a - 3 bread rations
 j - 3 meat rations
 l - 4 slices of pizza
 u - a beef jerky
 z - 2 chunks of flesh


   Skills:
 + Level 2.9 Fighting
 - Level 2.2 Dodging
 - Level 0.2 Stealth
 + Level 4.2 Unarmed Combat
 - Level 2.4 Spellcasting
 + Level 2.7 Transmutations


You had 3 spell levels left.
You knew the following spells:

 Your Spells              Type           Power        Failure   Level  Hunger
a - Beastly Appendage     Trmt           ##....       10%         1    #......
b - Ice Form              Ice/Trmt       #.......     93%         4    #####..


Dungeon Overview and Level Annotations

Branches:
Dungeon (7/15)
 Temple: D:4-7

Altars:
Gozag
Okawaru


Innate Abilities, Weirdness & Mutations

You are resistant to torment.
You are immune to poison.
Your stone body is very resilient (AC +4).
You resist negative energy.
You are resistant to electric shocks.
You can survive without breathing.
You are immune to petrification.
You are immune to rotting.
You have claws for feet.


Message History

Found a stone staircase leading down.
A goblin comes into view. It is wielding a club.
The goblin shouts!
The goblin moves out of view.
Found 12 arrows of flame.
A centaur comes into view.
The centaur shouts!
The centaur wields a shortbow.
The centaur shoots an arrow.
The arrow hits you!
* * * LOW HITPOINT WARNING * * *
You see here an arrow.
Casting: Beastly Appendage
Confirm with . or Enter, or press ? or * to list all spells.
Your feet morph into talons.
The goblin closely misses you.
You hit the goblin.
You kill the goblin!
The centaur shoots an arrow.
The arrow hits you!
* * * LOW HITPOINT WARNING * * *
The centaur unwields an uncursed shortbow.
The centaur hits you.
You die...

##### ######
....############....
...................#
...................#
...................#
................c(.#
....###.########@#
#######.########(#######
.....................>...
......#.#........#######
..............####
..............#
.##...........#
.##...........# .#
........[..#


You could see a centaur.

Vanquished Creatures
  A worker ant (D:7)
  Jessica (D:2)
  Robin (D:3)
  5 adders
  A gnoll (D:6)
  2 worms
  A giant gecko (D:1)
  An ooze (D:1)
  2 orcs
  A ball python (D:3)
  6 bats
  2 giant cockroaches
  11 hobgoblins
  21 jackals
  8 kobolds
  A quokka (D:2)
  3 giant newts (D:2)
  15 goblins
  A quokka zombie (D:5)
  7 rats
91 creatures vanquished.

Vanquished Creatures (others)
  A bat (D:3)
1 creature vanquished.

Grand Total: 92 creatures vanquished

Notes
Turn   | Place    | Note
--------------------------------------------------------------
     0 | D:1      | Psiweapon, the Gargoyle Transmuter, began the quest for the Orb.
     0 | D:1      | Reached XP level 1. HP: 12/12 MP: 3/3
   288 | D:1      | Reached XP level 2. HP: 9/16 MP: 2/4
   923 | D:2      | Reached XP level 3. HP: 15/20 MP: 6/6
  1480 | D:2      | Upgraded the game from 0.16.1-2-g95b8d4c to 0.16.1-4-g8e1b745
  1755 | D:2      | Reached XP level 4. HP: 13/26 MP: 6/8
  2121 | D:2      | Noticed Jessica
  2129 | D:2      | Killed Jessica
  2412 | D:2      | Learned a level 4 spell: Ice Form
  2721 | D:3      | Reached XP level 5. HP: 28/30 MP: 9/9
  2734 | D:3      | Reached skill level 4 in Unarmed Combat
  2751 | D:3      | Found an opulent altar of Gozag.
  2754 | D:3      | Noticed Robin
  2767 | D:3      | Killed Robin
  3073 | D:3      | Found an iron altar of Okawaru.
  3515 | D:4      | You fall through a shaft for 3 floors!
  3759 | D:7      | Noticed an ogre
  3851 | D:5      | Entered Level 5 of the Dungeon
  4085 | D:5      | Noticed a centaur
  4087 | D:5      | HP: 1/32 [centaur/arrow (8)]
  4088 | D:5      | Slain by a centaur

Action                   |  1- 3 |  4- 6 || total
-------------------------+-------+-------++-------
Melee: Unarmed           |   165 |   308 ||   473
Throw: Stone             |    12 |     5 ||    17
 Cast: Beastly Appendage |    20 |    30 ||    50
 Abil: Evoke Teleportati |     1 |       ||     1
 Stab: Distracted        |       |     1 ||     1
  Eat: Chunk             |     4 |     7 ||    11
